 Dungeon Crawl Stone Soup version 0.31.0-1-g2c135a008e (webtiles) character file.

Game seed: 15527633794691791522

3910 qw the Skirmisher (level 10, -1/75 HPs)
             Began as a Djinni Hunter on Jan 24, 2024.
             Slain by Maurice
             ... wielding a +0 short sword
              (6 damage)
             ... on level 7 of the Dungeon.
             The game lasted 00:00:22 (5155 turns).

qw the Skirmisher (Djinni Hunter)                   Turns: 5155, Time: 00:00:23

Health: -1/75      AC:  0    Str: 10    XL:     10   Next: 43%
Gold:   0          EV: 26    Int: 12    God:
                   SH:  0    Dex: 25

rFire   . . .        d - melded +2 arbalest (heavy)
rCold   . . .        (shield currently unavailable)
rNeg    . . .        m - melded +0 swamp dragon scales
rPois   inf          (helmet currently unavailable)
rElec   .            e - melded scarf {rC+ rF+}
rCorr   .            l - melded +1 pair of gloves
SInv    .            (boots unavailable)
Will    +....        (no amulet)
Stlth   ++           f - melded +4 ring of slaying {mikee}
HPRegen 0.32/turn    (ring currently unavailable)
MPRegen 0.00/turn

%: infuse magic (-2 HP)
@: bat-form (expiring), flying, very quick
A: fast, flying, no casting, sickness immunity, tiny, (fire resistance 2), (cold
vulnerability 1), float, innate caster, HP casting, extra vitality 1
a: no special abilities


You were on level 7 of the Dungeon.
You were a bat.
You visited 2 branches of the dungeon, and saw 8 of its levels.


Innate Abilities, Weirdness & Mutations

You are a bat.
You are tiny and dextrous.
You move quickly.
You are flying.
Your equipment is almost entirely melded.
You are incapable of wielding weapons or throwing items.
You cannot cast spells.
You are immune to sickness and miasma.
You are immune to poison.
((Your flesh is very heat resistant. (rF++)))
((You are vulnerable to cold. (rC-)))
You float through the air rather than walking.
You learn spells naturally, not from books.
Your magical power is your life essence.
You have superior vitality. (+4 MHP)


   Skills:
 - Level 7.4 Fighting
 - Level 9.0 Ranged Weapons
 - Level 5.3 Armour
 + Level 6.2 Dodging
 - Level 0.7 Stealth


You knew the following spells:

 Your Spells              Type           Power      Damage    Failure   Level
a - Shock                 Conj/Air       0%         1d3       32%         1
b - Searing Ray           Conj           0%         2d4       45%         2
c - Confusing Touch       Hex            0%         N/A       69%         3
d - Swiftness             Air            0%         N/A       69%         3
Your spell library was empty.

Inventory:

Hand Weapons
 d - a +2 heavy arbalest (melded)
Armour
 b - a +0 cloak
 e - a scarf of resistance (melded)
 l - a +1 pair of gloves (melded)
 m - +0 swamp dragon scales (melded)
Jewellery
 f - a +4 ring of slaying (melded) {mikee}
Wands
 o - a wand of charming (7)
Scrolls
 a - 2 scrolls of identify
 k - a scroll of teleportation {unknown}
 n - a scroll of brand weapon {unknown}
Potions
 c - a potion of curing {unknown}
 h - a potion of heal wounds
 i - a potion of might {unknown}
 j - a potion of enlightenment
 p - a potion of berserk rage {unknown}

Dungeon Overview and Level Annotations

Branches:
Dungeon (7/15)             Temple (1/1) D:5

Altars:
Cheibriados
Dithmenos
Elyvilon
Gozag
Hepliaklqana
Makhleb
Nemelex Xobeh
Ru
Trog
Uskayaw
Wu Jian
Xom
Yredelemnul

Shops:
D:1 ?   D:7 =

Annotations:
D:6 3 runed translucent doors, qw's ghost, novice DjHu; qw's ghost, novice GrHu
D:7 Maurice


Message History

Something misses you. Something bites you. Something drains your magic.
You hit something but do no damage. Something hits you!
Something steals your ring of fire! Something bites you!
Something drains your magic.
You hit something. Something hits you!
Something steals 341 gold pieces!
You now have 0 gold pieces.
Something bites you! Something drains your magic.
You hit something. You closely miss something. Something misses you. x2
You hit something but do no damage. Something hits you!
Something mutters, "Now where did you hide it?"
Something bites you! Something drains your magic.
You miss something. Something hits you!
Something grunts, "Curses!"
Something closely misses you.
You hit something. Something barely misses you. Something closely misses you.
You completely miss something. Something completely misses you.
Something barely misses you.
You miss something. You hit something but do no damage.
Your transformation is almost over.
Something closely misses you. Something barely misses you.
You hit something. Something barely misses you. x2
You closely miss something. Something hits you.
Something mutters, "Now where did you hide it?"
Something misses you.
You barely miss something. Something hits you!
Something grunts, "Curses!"
Something misses you.
You hit something but do no damage. You miss something. Something hits you.
You die...

.#.###.###.#####..
.#.# #.# #.# #. .#
.#.###.###.# #. .#
.#.........# #. .#
...#...##### #. .#
##.#.### ###.#.#
#.#.# ..... ##.#.#
####.{# ...#.#
#....b# .###.#
#.###.# .# #.# #.
#.# .# #.# #.#.#
#.# .# #.# #.#.#
#.# .# #.# #.#.#
#.# .###.#####.#.#
#.# .............#
#.#
#######......###.#


There were no monsters in sight!

Vanquished Creatures
  Pikel (D:4)
  A manticore (D:7)
  Maggie (D:6)
  Jeremiah (D:6)
  Grinder (D:6)
  Eustachio (D:4)
  A wyvern (D:6)
  Menkaure (D:4)
  An ice beast (D:5)
  2 black bears
  A centaur (D:5)
  3 ogres
  3 lemures (D:4)
  Blork the orc (D:5)
  A bullfrog (D:7)
  A necrophage (D:5)
  A burial acolyte (D:5)
  5 wights (D:5)
  2 bullfrog zombies (D:5)
  A centaur zombie (D:5)
  A human zombie (D:5)
  2 hounds (D:6)
  A jelly (D:5)
  2 iguanas
  3 orc priests
  A scorpion zombie (D:5)
  5 orc wizards
  A mummy (D:5)
  6 gnolls
  9 adders
  A shadow imp (D:7)
  A white imp (D:6)
  4 adder zombies (D:5)
  2 ribbon worms (D:2)
  6 dart slugs
  26 orcs
  7 ball pythons
  6 bats
  7 endoplasms
  4 giant cockroaches
  5 goblins
  8 hobgoblins
  4 jackals
  9 kobolds
  5 quokkas
  2 frilled lizards (D:2)
  3 rats
161 creatures vanquished.

Notes
Turn   | Place    | Note
-------+----------+-------------------------------------------
     0 | D:1      | qw the Djinni Hunter began the quest for the Orb.
     0 | D:1      | Reached XP level 1. HP: 18/18 MP: 0/0
     0 | D:1      | 0 ||| qw: Version: 0.3-a-136-gdd3b4e8
     0 | D:1      | 0 ||| qw: Game counter: 1330
     0 | D:1      | 0 ||| qw: Melee chars always use a shield: true
     0 | D:1      | 0 ||| qw: God list: Okawaru
     0 | D:1      | 0 ||| qw: Allow faded altars: false
     0 | D:1      | 0 ||| qw: Do Orc after clearing Dungeon:15 true
     0 | D:1      | 0 ||| qw: Do second Lair branch before Depths: true
     0 | D:1      | 0 ||| qw: Lair rune preference: random
     0 | D:1      | 0 ||| qw: Goals: Normal
     0 | D:1      | 0 ||| PLANNING D:1-11
    42 | D:1      | Found Araonn's Magic Scroll Boutique.
    49 | D:1      | Reached XP level 2. HP: 23/23 MP: 0/0
    50 | D:1      | 50 ||| SHOPLISTING scroll of identify (22 gold, have 11).
    50 | D:1      | 50 ||| SHOPLISTING scroll of teleportation (33 gold, have
                  | 11).
   191 | D:1      | Reached XP level 3. HP: 28/28 MP: 0/0
   191 | D:1      | Learned a level 1 spell: Shock
   193 | D:1      | Reached skill level 4 in Ranged Weapons
   511 | D:1      | 511 ||| UPGRADING to +4 ring of slaying {mikee}.
   512 | D:1      | 512 ||| READING scroll labelled FYCWEI YKUHIC.
   513 | D:1      | 513 ||| READING 2 scrolls labelled KULAIJ UVOPOJI.
   614 | D:1      | 614 ||| READING scroll labelled UGUMPEAMN.
   614 | D:1      | Identified a scroll of acquirement
   614 | D:1      | 614 ||| ACQUIRING +2 heavy arbalest
   614 | D:1      | Acquired a +2 heavy arbalest
   616 | D:1      | 616 ||| SWAPPING to +2 heavy arbalest.
   617 | D:1      | 617 ||| DROPPING +0 shortbow.
   618 | D:1      | 618 ||| READING scroll labelled PUATOQI OMEMOB.
   618 | D:1      | 618 ||| IDENTIFYING purple potion
   619 | D:1      | 619 ||| DROPPING scroll of butterflies.
   620 | D:1      | 620 ||| DROPPING scroll of vulnerability.
   621 | D:1      | 621 ||| DROPPING potion of degeneration.
   641 | D:2      | 641 ||| STAIRDANCE
   664 | D:2      | 664 ||| STAIRDANCE
   784 | D:2      | HP: 2/29 [something/magic dart (7)]
   785 | D:2      | Reached skill level 3 in Fighting
   785 | D:2      | Reached XP level 4. HP: 1/35 MP: 0/0
   910 | D:2      | Reached skill level 3 in Dodging
   966 | D:2      | Reached XP level 5. HP: 40/40 MP: 0/0
   966 | D:2      | Learned a level 2 spell: Searing Ray
  1337 | D:2      | 1337 ||| UPGRADING to +0 ring mail.
  1347 | D:2      | 1347 ||| UPGRADING to +0 cloak.
  1352 | D:2      | 1352 ||| DROPPING +0 leather armour.
  1353 | D:2      | 1353 ||| UPGRADING to +0 robe of cold resistance.
  1363 | D:2      | 1363 ||| UPGRADING to +0 pair of gloves.
  1368 | D:2      | 1368 ||| READING scroll of identify.
  1368 | D:2      | 1368 ||| IDENTIFYING fizzy coppery potion
  1369 | D:2      | 1369 ||| READING scroll labelled QEZAXTEKOPN.
  1370 | D:2      | 1370 ||| READING scroll labelled IGIEGO DAXZA.
  1371 | D:2      | 1371 ||| DRINKING 2 ruby potions.
  1423 | D:2      | 1423 ||| DROPPING potion of lignification.
  1459 | D:3      | Found a faded altar of an unknown god.
  1663 | D:3      | 1663 ||| FLEEEEING.
  1664 | D:3      | 1664 ||| FLEEEEING.
  1665 | D:3      | 1665 ||| FLEEEEING.
  1666 | D:3      | 1666 ||| FLEEEEING.
  1668 | D:3      | 1668 ||| FLEEEEING.
  1670 | D:3      | 1670 ||| FLEEEEING.
  1672 | D:3      | Reached XP level 6. HP: 41/46 MP: 0/0
  1756 | D:3      | Reached skill level 5 in Ranged Weapons
  1756 | D:3      | 1756 ||| FLEEEEING.
  1758 | D:3      | 1758 ||| FLEEEEING.
  1759 | D:3      | 1759 ||| FLEEEEING.
  1760 | D:3      | 1760 ||| FLEEEEING.
  1761 | D:3      | 1761 ||| FLEEEEING.
  1762 | D:3      | 1762 ||| FLEEEEING.
  1763 | D:3      | 1763 ||| FLEEEEING.
  1765 | D:3      | 1765 ||| FLEEEEING.
  1766 | D:3      | 1766 ||| FLEEEEING.
  1767 | D:3      | 1767 ||| FLEEEEING.
  1769 | D:3      | 1769 ||| FLEEEEING.
  1770 | D:3      | 1770 ||| FLEEEEING.
  1771 | D:3      | 1771 ||| FLEEEEING.
  1772 | D:3      | 1772 ||| FLEEEEING.
  1773 | D:3      | 1773 ||| FLEEEEING.
  1774 | D:3      | 1774 ||| FLEEEEING.
  1775 | D:3      | 1775 ||| FLEEEEING.
  1776 | D:3      | 1776 ||| FLEEEEING.
  1777 | D:3      | 1777 ||| FLEEEEING.
  1778 | D:3      | 1778 ||| FLEEEEING.
  1779 | D:3      | 1779 ||| FLEEEEING.
  1780 | D:3      | 1780 ||| FLEEEEING.
  1782 | D:3      | HP: 10/46 [orc/+0 falchion (3)]
  1938 | D:3      | Found a burning altar of Makhleb.
  1963 | D:3      | Found a sparkling altar of Nemelex Xobeh.
  2319 | D:3      | 2319 ||| READING scroll labelled NUCVEA FO UMNE.
  2420 | D:3      | 2420 ||| READING scroll labelled JOYCROTICY.
  2461 | D:4      | Noticed a black bear
  2464 | D:4      | 2464 ||| ZAPPING wand of mindburst (9) at -4,-4 (black
                  | bear; floor).
  2464 | D:4      | Killed a black bear
  2465 | D:4      | Reached XP level 7. HP: 52/52 MP: 0/0
  2465 | D:4      | Learned a level 3 spell: Confusing Touch
  2543 | D:4      | Noticed Pikel
  2546 | D:4      | 2546 ||| ZAPPING wand of acid (3) at 0,3 (Pikel; floor).
  2547 | D:4      | 2547 ||| ZAPPING wand of acid (2) at 0,3 (Pikel; floor).
  2548 | D:4      | 2548 ||| ZAPPING wand of acid (1) at 0,2 (Pikel; floor).
  2550 | D:4      | 2550 ||| ZAPPING wand of mindburst (8) at 0,1 (Pikel;
                  | floor).
  2551 | D:4      | 2551 ||| ZAPPING wand of mindburst (7) at 0,1 (Pikel;
                  | floor).
  2552 | D:4      | 2552 ||| ZAPPING wand of mindburst (6) at 0,1 (Pikel;
                  | floor).
  2552 | D:4      | HP: 11/52 [Pikel/+2 whip of freezing (3)]
  2553 | D:4      | 2553 ||| ZAPPING wand of mindburst (5) at 0,1 (Pikel;
                  | floor).
  2554 | D:4      | 2554 ||| ZAPPING wand of mindburst (4) at 0,1 (Pikel;
                  | floor).
  2554 | D:4      | Killed Pikel
  2555 | D:4      | Reached XP level 8. HP: 12/58 MP: 0/0
  2790 | D:4      | Noticed Eustachio
  2792 | D:4      | 2792 ||| ZAPPING wand of mindburst (3) at 6,2 (Eustachio;
                  | floor).
  2793 | D:4      | 2793 ||| ZAPPING wand of mindburst (2) at 5,2 (Eustachio;
                  | floor).
  2794 | D:4      | 2794 ||| ZAPPING wand of mindburst (1) at 4,2 (Eustachio;
                  | floor).
  2795 | D:4      | Killed Eustachio
  2955 | D:4      | Noticed Menkaure
  2958 | D:4      | Killed Menkaure
  2959 | D:4      | Reached skill level 6 in Ranged Weapons
  2974 | D:4      | 2974 ||| UPGRADING to scarf of resistance.
  2984 | D:4      | 2984 ||| UPGRADING to +0 ring mail.
  2994 | D:4      | 2994 ||| DRINKING 2 golden potions.
  2995 | D:4      | 2995 ||| DROPPING potion of attraction.
  3042 | D:5      | Entered Level 5 of the Dungeon
  3301 | D:5      | Found a staircase to the Ecumenical Temple.
  3302 | D:5      | 3302 ||| PLANNING TEMPLE
  3302 | D:5      | 3302 ||| DRINKING 2 grey potions.
  3310 | Temple   | Entered the Ecumenical Temple
  3311 | Temple   | 3311 ||| PLANNING D:1-11
  3403 | D:5      | Reached skill level 7 in Ranged Weapons
  3432 | D:5      | Reached XP level 9. HP: 52/62 MP: 0/0
  3432 | D:5      | Learned a level 3 spell: Swiftness
  3513 | D:5      | Noticed Blork the orc
  3518 | D:5      | Killed Blork the orc
  3597 | D:5      | Found a basalt altar of Yredelemnul.
  3815 | D:5      | Reached skill level 8 in Ranged Weapons
  4212 | D:5      | 4212 ||| DROPPING +0 robe of cold resistance.
  4213 | D:5      | 4213 ||| UPGRADING to +1 robe of cold resistance.
  4223 | D:5      | 4223 ||| READING scroll labelled PATROS LITWUOP.
  4223 | D:5      | 4223 ||| ENCHANTING +0 pair of gloves.
  4269 | D:6      | 4269 ||| STAIRDANCE
  4283 | D:6      | Noticed Jeremiah
  4287 | D:6      | Killed Jeremiah
  4320 | D:6      | Found a runed translucent gate.
  4322 | D:6      | Reached skill level 6 in Dodging
  4322 | D:6      | Found a runed translucent gate.
  4323 | D:6      | Found a runed translucent gate.
  4324 | D:6      | Noticed qw's ghost (novice GrHu)
  4324 | D:6      | Noticed qw's ghost (novice DjHu)
  4412 | D:6      | Noticed Maggie
  4416 | D:6      | Killed Maggie
  4417 | D:6      | Reached skill level 6 in Fighting
  4417 | D:6      | Reached XP level 10. HP: 72/73 MP: 0/0
  4536 | D:6      | Noticed Grinder
  4544 | D:6      | Killed Grinder
  4621 | D:6      | 4621 ||| DROPPING +0 ring mail.
  4622 | D:6      | 4622 ||| UPGRADING to +0 swamp dragon scales.
  4632 | D:6      | 4632 ||| DROPPING +1 robe of cold resistance.
  4633 | D:6      | 4633 ||| READING scroll labelled EKYCZE RAIR.
  4645 | D:7      | Found Peehequc's Jewellery Shoppe.
  4654 | D:7      | 4654 ||| SHOPLISTING +6 ring of dexterity (540 gold, have
                  | 313).
  4654 | D:7      | 4654 ||| SHOPLISTING amulet of reflection (450 gold, have
                  | 313).
  4654 | D:7      | 4654 ||| SHOPLISTING amulet of the acrobat (450 gold, have
                  | 313).
  4654 | D:7      | 4654 ||| SHOPLISTING ring "Noleg" {rPois rF+ SInv Stlth+}
                  | (540 gold, have 313).
  4654 | D:7      | 4654 ||| SHOPLISTING ring of protection from fire (375
                  | gold, have 313).
  4771 | D:7      | Reached skill level 9 in Ranged Weapons
  4870 | D:7      | Noticed a manticore
  4872 | D:7      | Killed a manticore
  5131 | D:7      | Noticed Maurice
  5141 | D:7      | Something stole a ring of fire
  5142 | D:7      | Something stole 341 gold
  5146 | D:7      | HP: 15/75 [something (7)]
  5152 | D:7      | HP: 11/75 [something (5)]
  5153 | D:7      | HP: 5/75 [something (7)]
  5155 | D:7      | Slain by Maurice

Levels and vault maps discovered:
D:1:      shiori_shiawase, layout_basic, serial_shops, shop, hex_intersection,
          solitary_fountain, minmay_pentomino_q2
D:2:      layout_rooms, st_stairs_10
D:3:      layout_loops_cross, mainiacjoe_overflow_six_doors_small,
          nemelex_diamond_rough_becter, dreamdust_ecumenical_altar_statues
D:4:      layout_rooms, kennysheep_potato, uniq_eustachio, uniq_pikel,
          uniq_menkaure
D:5:      layout_cave_pods, lemuel_mausoleum_altar_yredelemnul,
          lemuel_zombie_altar_kikubaaqudgha, temple_green, uniq_blork_the_orc
D:6:      layout_rooms, gammafunk_ghost_cemetery, uniq_maggie, uniq_jeremiah,
          uniq_grinder
D:7:      layout_loops_ring, serial_shops, shop, due_unseen_surprise,
          uniq_maurice
Temple:   chequers_temple_sunken

Skill      XL: |  1  2  3  4  5  6  7  8  9 10 |
---------------+-------------------------------+-----
Ranged Weapons | 4 5 7 8 9 |  9.0
Fighting       | 3 4 6 7 |  7.4
Dodging        | 3 4 6 |  6.2
Armour         | 5 |  5.3
Stealth        | |  0.7

Action                     |  1- 3 |  4- 6 |  7- 9 | 10-12 || total
---------------------------+-------+-------+-------+-------++-------
  Melee: Unarmed           |       |       |       |    17 ||    17
   Fire: Shortbow          |    43 |       |       |       ||    43
         Arbalest          |    26 |    64 |   125 |    37 ||   252
  Evoke: Wand              |       |     1 |    11 |       ||    12
    Use: Scroll            |     4 |     5 |     1 |     1 ||    11
         Potion            |       |     1 |     2 |       ||     3
 Armour: Leather armour    |    40 |       |       |       ||    40
         Robe              |       |    37 |    10 |     2 ||    49
         Ring mail         |       |       |    35 |       ||    35
         Swamp dragon scal |       |       |       |    21 ||    21
         Skin              |       |       |       |    11 ||    11
  Dodge: Dodged            |    34 |    11 |    47 |    29 ||   121

Table legend:
 A = Non-vault XP
 B = Vault XP
 C = Vault XP percentage of total XP
 D = Non-vault monster count
 E = Vault monster count
 F = Vault count percentage of total count
                 A         B        C        D         E       F
            +---------+---------+-------+---------+---------+-------
      Total |    2614 |    2973 |  53.2 |     127 |      31 |  19.6
            +---------+---------+-------+---------+---------+-------
        D:1 |      37 |       8 |  17.8 |      20 |       4 |  16.7
        D:2 |     105 |       2 |   1.9 |      17 |       1 |   5.6
        D:3 |     240 |       0 |   0.0 |      27 |       0 |   0.0
        D:4 |     205 |    1016 |  83.2 |      21 |       5 |  19.2
        D:5 |     417 |     848 |  67.0 |      18 |      18 |  50.0
        D:6 |     644 |    1099 |  63.1 |      16 |       3 |  15.8
        D:7 |     966 |       0 |   0.0 |       8 |       0 |   0.0
            +---------+---------+-------+---------+---------+-------
